AoeStats
← 玩印度的哥们硬不起来

Arabia

509376798Analyzed
1v1 RM · 6d ago on Sep 26, 2026· 13m 52s· 2 players
Game mode
Random Map
Map size
Tiny (2 player)
Population
200
Speed
Normal
Resources
Standard
Victory
Conquest
Starting age
Dark Age
Ending age
Imperial Age
RankedLock teamsTeams togetherTeam positionsShared explorationLock speedFull tech treeHidden civsTurbo modeCheats
Victory
Defeat
🇪🇸 Britons · Spain
1101
+16
1094
-45
玩印度的哥们硬不起来
3:37 Double-Bit Axe
6:36 Loom
9:30 Feudal Age
9:59 Horse Collar
10:30 Bow Saw
11:59 Heavy Plow
camposfernandezmiguel
6:00 Loom
8:55 Feudal Age
9:42 Double-Bit Axe
Connection lost

Rejoining the realm…

Still unreachable

The connection could not be restored.

Session expired

The server has moved on; the page needs a fresh start.